 Dungeon Crawl Stone Soup version 0.23.0-3-gf3c87f2df8 (webtiles) character file.

Game seed: 451614871174272743

189 Reinor the Sneak (level 5, -1/24 HPs)
             Began as a Spriggan Enchanter on Feb 25, 2019.
             Slain by a naga (2 damage)
             ... on level 3 of the Dungeon.
             The game lasted 00:13:39 (3977 turns).

Reinor the Sneak (Spriggan Enchanter)               Turns: 3977, Time: 00:13:40

Health: -1/24      AC:  3    Str:  4    XL:     5   Next: 40%
Magic:  9/10       EV: 15    Int: 17    God:
Gold:   139        SH:  0    Dex: 17    Spells: 3/9 levels left

rFire    . . .     SeeInvis +   s - +4 quarterstaff (chaos)
rCold    + . .     Gourm    .   (shield currently unavailable)
rNeg     . . .     Faith    .   b - +0 robe
rPois    .         Spirit   .   (helmet restricted)
rElec    .         Reflect  .   t - +0 cloak
rCorr    .         Harm     .   (gloves unavailable)
MR       .....                  (boots unavailable)
Stlth    ++++......             (no amulet)
HPRegen  0.08/turn              q - ring of protection from cold
MPRegen  0.12/turn              (no ring)

@: constricted, very quick
A: very small, unfitting armour, see invisible, herbivore, speed 3, slow
metabolism 2
a: no special abilities


You were on level 3 of the Dungeon.
You were not hungry.

You visited 1 branch of the dungeon, and saw 3 of its levels.

You collected 139 gold pieces.

Inventory:

Hand Weapons
 a - a +2 dagger
 s - a +4 quarterstaff of chaos (weapon)
Missiles
 m - 70 stones (quivered)
Armour
 b - a +0 robe (worn)
 t - a +0 cloak (worn)
Jewellery
 q - a ring of protection from cold (left hand)
Scrolls
 h - a scroll of magic mapping
 j - a scroll of teleportation {unknown}
 k - a scroll of remove curse
 p - a scroll of enchant armour {unknown}
 r - a scroll of random uselessness {unknown}
Potions
 c - a potion of flight
 e - a potion of magic
 f - a potion of curing {unknown}
 g - a potion of cancellation {unknown}
 l - a potion of brilliance {unknown}
 n - 2 potions of resistance {unknown}
 o - a potion of degeneration {unknown}
Comestibles
 d - 3 rations


   Skills:
 + Level 4.2 Short Blades
 - Level 3.0 Dodging
 + Level 7.4 Stealth
 - Level 2.6 Spellcasting
 - Level 3.6 Hexes


You had 3 spell levels left.
You knew the following spells:

 Your Spells              Type           Power        Failure   Level  Hunger
a - Corona                Hex            ##.....      4%          1    #......
b - Ensorcelled Hibernat  Hex/Ice        #.....       13%         2    ##.....
c - Confuse               Hex            ##......     12%         3    ###....

Your spell library contained the following spells:

 Spells                   Type           Power        Failure   Level  Hunger
 Tukima's Dance           Hex            ##......     12%         3    ###....
 Dazzling Spray           Conj/Hex       #.....       26%         3    ###....


Dungeon Overview and Level Annotations

Branches:
Dungeon (3/15)

Altars:
Gozag
Sif Muna
Trog
Uskayaw

Shops:
D:3 *


Innate Abilities, Weirdness & Mutations

You are very small and have problems with some larger weapons.
You are too small for most types of armour.
You have supernaturally acute eyesight. (SInv)
You are a herbivore.
You cover ground extremely quickly.
You need to consume almost no food.


Message History

You barely miss the hobgoblin.
The hobgoblin hits you but does no damage.
You closely miss the hobgoblin. The hobgoblin completely misses you.
You hit the hobgoblin.
The hobgoblin seems to speed up.
The hobgoblin is almost dead.
The hobgoblin misses you. The hobgoblin hits you with a +0 club.
You hit the hobgoblin.
Lightning courses through the hobgoblin!
You kill the hobgoblin!
You hit the worm.
The worm suddenly stops moving!
The worm is lightly wounded.
The helpless worm fails to defend itself.
You hit the worm.
The worm evaporates and reforms as a naga!
The naga barely misses you. The naga misses you.
You closely miss the naga. The naga hits you!
Ouch! That really hurt!
* * * LOW HITPOINT WARNING * * *
The naga grabs you.
You die...

##...g......#.....##.............
##..........#...#....#######.....
##..........#.......## ##.......
##..........#....#### ###........
##..........##.#.# #.g...<....
###........###...######.#........
###..............................
.........#######################.
##...)...#......@Nw..?....,,,,,#.
##.......#..##...#....###*,,,,,#.
.......<.#.###...#....# ***,,,#.
.........#.###..##....#******,,##
.##......#......###.....,,,**,,*
#........#.....## *...#..w,***,*
..#.##.#.#...### *...#,r.,* *,**
###.##.#.#.#### *#..#*,.,* *,*, #
#.#....#....#### *..#***,***,*,


You could see a naga and a worm.

Vanquished Creatures
  Crazy Yiuf (D:3)
  A hound (D:3)
  An orc wizard (D:3)
  Robin (D:3)
  An adder (D:3)
  A gnoll (D:1)
  A worm (D:2)
  2 dart slugs (D:1)
  3 leopard geckos
  8 orcs
  A giant cockroach (D:1)
  9 hobgoblins
  4 jackals
  2 bats
  A frilled lizard (D:1)
  14 goblins
  4 kobolds
  3 rats
  A fungus (D:3)
59 creatures vanquished.

Notes
Turn   | Place    | Note
-------+----------+-------------------------------------------
     0 | D:1      | Reinor the Spriggan Enchanter began the quest for the Orb.
     0 | D:1      | Reached XP level 1. HP: 9/9 MP: 5/5
   257 | D:1      | Reached skill level 5 in Stealth
   257 | D:1      | Reached XP level 2. HP: 13/13 MP: 6/6
   544 | D:1      | Learned a level 2 spell: Ensorcelled Hibernation
   920 | D:1      | Reached XP level 3. HP: 16/16 MP: 2/8
  1785 | D:2      | Found a bloodstained altar of Trog.
  1893 | D:2      | Found a hide-covered altar of Uskayaw.
  2238 | D:2      | Reached skill level 6 in Stealth
  2645 | D:3      | Found Gozag's Platinum Reserve.
  2647 | D:3      | Found an opulent altar of Gozag.
  2883 | D:3      | Found a deep blue altar of Sif Muna.
  3020 | D:3      | Learned a level 3 spell: Confuse
  3166 | D:3      | Reached XP level 4. HP: 11/21 MP: 2/9
  3354 | D:3      | Noticed Robin
  3399 | D:3      | Found a runed translucent door.
  3400 | D:3      | Noticed Crazy Yiuf
  3409 | D:3      | Killed Crazy Yiuf
  3800 | D:3      | Reached skill level 7 in Stealth
  3805 | D:3      | Reached XP level 5. HP: 24/24 MP: 10/10
  3810 | D:3      | Killed Robin
  3976 | D:3      | Noticed a naga
  3976 | D:3      | a worm changed into a naga
  3977 | D:3      | HP: 1/24 [naga (15)]
  3977 | D:3      | Slain by a naga

Skill      XL: |  1  2  3  4  5 |
---------------+----------------+-----
Stealth        | 5 6 7 |  7.4
Short Blades   | 2 3 4 |  4.2
Dodging        | |  3.0
Spellcasting   | |  2.6
Hexes          | |  3.6

Action                   |  1- 3 |  4- 6 || total
-------------------------+-------+-------++-------
Melee: Dagger            |   200 |    30 ||   230
       Quarterstaff      |       |    40 ||    40
 Cast: Corona            |    17 |     2 ||    19
       Ensorcelled Hiber |     5 |     6 ||    11
       Confuse           |     1 |     1 ||     2
  Use: Scroll            |     7 |       ||     7
 Stab: Sleeping          |    14 |     1 ||    15
       Confused          |     1 |     1 ||     2
       Paralysed         |       |     1 ||     1
  Eat: Ration            |       |     1 ||     1
Armor: Robe              |    12 |    12 ||    24
Dodge: Dodged            |   149 |    29 ||   178
